 Dungeon Sprint DCSS version 0.27-a0-773-gaaee5cf45b (webtiles) character file.

Game seed: 18053083330860240509

134 mhtbhm the Cudgeller (level 4, -3/50 HPs)
             Began as a Troll Berserker on Mar 26, 2021.
             Was a Priest of Trog.
             Slain by a gnoll sergeant
             ... wielding a +0 spear
              (7 damage)
             ... in the Dungeon (Sprint IX: "|||||||||||||||||||||||||||||").
             The game lasted 00:00:16 (53 turns).

mhtbhm the Cudgeller (Troll Berserker)                Turns: 53, Time: 00:00:17

Health: -3/50      AC:  4    Str: 26    XL:     4   Next: 95%
Magic:  3/3        EV: 10    Int:  3    God:    Trog [***...]
Gold:   0          SH:  0    Dex:  9    Spells: 3/3 levels left

rFire    . . .     SeeInvis .   a - +0 mace
rCold    . . .     Faith    .   (no shield)
rNeg     . . .     Spirit   .   b - +0 animal skin
rPois    .         Reflect  .   (helmet restricted)
rElec    .         Harm     .   (no cloak)
rCorr    .         Rampage  .   (gloves unavailable)
Will     .....     NoTele   +   (boots unavailable)
Stlth    +.........             (no amulet)
HPRegen  1.16/turn              (no ring)
MPRegen  0.08/turn              (no ring)

@: berserk cooldown, slowed, very slow
A: large, unfitting armour, claws 3, regeneration 1, shaggy fur 1, tough skin 1
a: Renounce Religion, Berserk, Trog's Hand


You were in the Dungeon.
You worshipped Trog.
Trog was most pleased with you.
You visited 1 branch

Inventory:

Hand Weapons
 a - a +0 mace (weapon)
Armour
 b - a +0 animal skin (worn)
Scrolls
 h - a scroll of blinking
Potions
 c - a potion of curing
 e - a potion of haste
 f - 2 potions of magic
 g - a potion of berserk rage


   Skills:
 + Level 5.3 Fighting
 + Level 6.1 Maces & Flails
 + Level 5.0 Dodging


You had 3 spell levels left.
You didn't know any spells.
Your spell library was empty.

Dungeon Overview and Level Annotations

Branches:
Dungeon (1/1)

Altars:


Innate Abilities, Weirdness & Mutations

You are too large for most types of armour.
You have claws for hands.
Your natural rate of healing is unusually fast.
You are covered in fur. (AC +1)
You have tough skin. (AC +1)


Message History

The howler monkey is almost dead.
The howler monkey hits you but does no damage.
The gnoll sergeant hits you from afar with a +0 spear.
The howler monkey closely misses you.
You barely miss the howler monkey.
The howler monkey is almost dead.
The howler monkey hoots and howls with incredible vigour!
The gnoll sergeant hits you from afar with a +0 spear.
The howler monkey closely misses you.
The gnoll sergeant hits you from afar with a +0 spear!
You sock the howler monkey!
You kill the howler monkey!
Trog accepts your kill.
The gnoll sergeant hits you from afar with a +0 spear!
* * * LOW HITPOINT WARNING * * *
Your Fighting skill increases to level 5!
Your Maces & Flails skill increases to level 6!
Your Dodging skill increases to level 5!
Unknown command.
You feel much better.
The gnoll sergeant hits you from afar with a +0 spear. x2
The gnoll sergeant hits you with a +0 spear!
There is an open door, spattered with blood here.
Things that are here:
a +0 dagger; an orc corpse The gnoll sergeant blocks your attack.
The gnoll sergeant hits you with a +0 spear!
* * * LOW HITPOINT WARNING * * *
The gnoll sergeant hits you with a +0 spear.
* * * LOW HITPOINT WARNING * * *
You completely miss the gnoll sergeant.
The gnoll sergeant hits you with a +0 spear!
* * * LOW HITPOINT WARNING * * *
The gnoll sergeant blocks your attack.
The gnoll sergeant hits you but does no damage.
The gnoll sergeant hits you with a +0 spear.
* * * LOW HITPOINT WARNING * * *
You closely miss the gnoll sergeant. The gnoll sergeant barely misses you.
The gnoll sergeant hits you with a +0 spear!
You die...

▓+▓
▓.▓
▓.▓
▓.▓
▓.▓
▓g▓
▓@▓
▓.▓
▓.▓
▓.▓
▓.▓
▓)▓
▓'▓
▓.▓
▓.▓


You could see a gnoll sergeant.

Vanquished Creatures
  A necrophage (D)
  A howler monkey (D)
  An adder skeleton (D)
  An orc (D)
  2 endoplasms (D)
  A goblin (D)
  A hobgoblin (D)
  A rat (D)
9 creatures vanquished.

Notes
Turn   | Place    | Note
-------+----------+-------------------------------------------
     0 | D        | mhtbhm the Troll Berserker began the quest for the Orb.
     0 | D        | Reached XP level 1. HP: 22/22 MP: 0/0
     9 | D        | Reached skill level 3 in Maces & Flails
    11 | D        | Reached ** piety under Trog
    26 | D        | Noticed a gnoll sergeant
    26 | D        | Noticed a howler monkey
    26 | D        | Noticed a necrophage
    29 | D        | Reached XP level 2. HP: 31/31 MP: 1/1
    31 | D        | Killed a necrophage
    31 | D        | Reached *** piety under Trog
    32 | D        | Reached skill level 5 in Maces & Flails
    32 | D        | Reached XP level 3. HP: 41/41 MP: 2/2
    32 | D        | Reached XP level 4. HP: 49/49 MP: 3/3
    48 | D        | Reached skill level 5 in Fighting
    48 | D        | Reached skill level 6 in Maces & Flails
    48 | D        | Reached skill level 5 in Dodging
    52 | D        | HP: 2/50 [gnoll sergeant/+0 spear (5)]
    53 | D        | Slain by a gnoll sergeant

Illustrated notes

Levels and vault maps discovered:
D:        linesprint [early_d, line_temple, items_1, d_10, items_2, lair_1,
          lair_end, items_3, orc_1, orc_end, items_4, d_15, swamp_1, shoals_1,
          snake_1, spider_1, d_20, vaults_1, items_5, swamp_end, shoals_end,
          snake_end, spider_end, vaults_end, d_27, items_6, zot_1, zot_end,
          crypt_end, forest_end, elf_end, slime_end, tomb_end, abyss_end,
          pan_hell_end]

Skill      XL: |  1  2  3  4 |
---------------+-------------+-----
Maces & Flails | 3 5 6 |  6.1
Fighting       | 3 4 5 |  5.3
Dodging        | 3 4 5 |  5.0

Action                   |  1- 3 |  4- 6 || total
-------------------------+-------+-------++-------
Melee: Mace              |    14 |    20 ||    34
Invok: Berserk           |     1 |       ||     1
  Use: Potion            |       |     1 ||     1
Armor: Animal skin       |     2 |     4 ||     6
Dodge: Dodged            |     1 |    14 ||    15

Table legend: (Time is in decaauts)
 A = Elapsed time spent in this place.
 B = Non-inter-level travel time spent in this place.
 C = Inter-level travel time spent in this place.
 D = Time resting spent in this place.
 E = Time spent auto-exploring this place.
 F = Levels seen in this place.
 G = Mean time per level.
                   A        B        C        D        E       F      G
               +--------+--------+--------+--------+--------+-----+--------+
         Total |     57 |     57 |      0 |      6 |      3 |   1 |   57.0 |
       Dungeon |     57 |     57 |      0 |      6 |      3 |   1 |   57.0 |
               +--------+--------+--------+--------+--------+-----+--------+

Top non-repeatable levels by time:
       D: 57 daAuts
